 Dungeon Crawl Stone Soup version 0.19.4-8-ga85b6b9 (webtiles) character file.

173 empire the Skirmisher (level 5, 0/42 HPs)
             Began as a Mummy Fighter on Feb 10, 2017.
             Was an Initiate of Gozag.
             Killed by divine providence
             ... invoked by an orc priest
              (13 damage)
             ... on level 4 of the Dungeon.
             The game lasted 00:05:42 (3001 turns).

empire the Skirmisher (Mummy Fighter)               Turns: 3001, Time: 00:05:43

Health: 0/42       AC:  8    Str: 20    XL:     5   Next: 28%
Magic:  5/5        EV:  7    Int:  8    God:    Gozag
Gold:   310        SH:  9    Dex: 11    Spells: 0 memorised, 4 levels left

rFire  x . .     SeeInvis .     a - +0 long sword
rCold  + . .     Gourm    .     b - +0 scale mail
rNeg   + + +     Faith    .     c - +0 shield
rPois  ∞         Spirit   .     (no helmet)
rElec  .         Reflect  .     (no cloak)
rCorr  .         Harm     .     i - +0 pair of gloves
MR     .....                    (no boots)
Stlth  ..........               (no amulet)
                                (no ring)
                                (no ring)

@: no status effects
A: no food or potions, fire vulnerability, cold resistance 1, negative energy
resistance 3, torment resistance, unbreathing
a: Potion Petition, Call Merchant, Bribe Branch, Renounce Religion


You were on level 4 of the Dungeon.
You worshipped Gozag.
Gozag was aware of your devotion.
You were not hungry.

You visited 1 branch of the dungeon, and saw 4 of its levels.

You collected 346 gold pieces.
You paid 36 gold pieces to Gozag.

Inventory:

Hand Weapons
 a - a +0 long sword (weapon)
 k - a cursed -3 mace
Armour
 b - a +0 scale mail (worn)
 c - a +0 shield (worn)
 i - a +0 pair of gloves (worn)
Scrolls
 d - 2 scrolls of remove curse {unknown}
 e - 4 scrolls of teleportation {unknown}
 f - 2 scrolls of fog {unknown}
 g - 2 scrolls of identify {unknown}
 h - a scroll of blinking {unknown}
 l - a scroll of immolation {unknown}
Books
 j - a book of Cantrips

   Spells                             Type                      Level
   a - Confusing Touch                Hexes                        1
   b - Animate Skeleton               Necromancy                   1
   c - Summon Small Mammal            Summoning                    1
   d - Apportation                    Translocation                1


   Skills:
 + Level 3.7 Fighting
 + Level 2.3 Long Blades
 + Level 3.5 Armour
 + Level 3.3 Shields


You had 4 spell levels left.
You didn't know any spells.

Dungeon Overview and Level Annotations

Branches:
Dungeon (4/15)
 Temple: D:4-7

Altars:
Gozag
Trog
Yredelemnul


Innate Abilities, Weirdness & Mutations

You do not eat or drink.
Your flesh is vulnerable to fire.
You are immune to poison.
Your flesh is cold resistant. (rC+)
You are immune to negative energy. (rN+++)
You are immune to unholy pain and torment.
You can survive without breathing.


Message History

You barely miss the orc. You block the orc's attack.
The orc priest calls down the wrath of Beogh upon you.
Beogh smites you!
* * * LOW HITPOINT WARNING * * *
You barely miss the orc. You block the orc's attack.
The orc is distracted by the nearby gold.
The orc shouts!
You hit the orc but do no damage.
The orc is no longer distracted by gold.
You block the orc's attack.
You hit the orc.
The orc is heavily wounded.
The orc hits you but does no damage.
Your shield and scale mail prevent you from hitting the orc.
The orc is heavily wounded.
You block the orc's attack.
The orc priest invokes the aid of Beogh against you.
Beogh smites you!
You die...
Your body crumbles into a pile of gold.

#.'....# #..#.#...
########.#....# ##.#.#...
.........#....# ##...#...
###########'#.## #.....###
...........# #...>.#
..#####.##.#######.....###
#.........!..........
#..#........#########
#..#@######.# #.....
#..#o# #.# #.#### #..#o#
#.# #.....
#..#.######'#########
...#.................
#.##..........#....## # #.
#.........!#....#
#.#.##..........#....#
###...............####.##


You could see an orc priest and an orc.

Vanquished Creatures
  A hound (D:4)
  A bullfrog skeleton (D:4)
  An orc wizard (D:4)
  An adder (D:3)
  An adder skeleton (D:4)
  4 worms
  A dart slug (D:1)
  5 leopard geckos
  2 orcs
  A ball python (D:2)
  3 giant cockroaches
  10 goblins
  4 hobgoblins (D:3)
  7 jackals
  6 kobolds
  A quokka (D:3)
  5 bats
  3 frilled lizards
  5 rats
62 creatures vanquished.

Notes
Turn   | Place    | Note
-------+----------+-------------------------------------------
     0 | D:1      | empire the Mummy Fighter began the quest for the Orb.
     0 | D:1      | Reached XP level 1. HP: 18/18 MP: 1/1
   239 | D:1      | Reached XP level 2. HP: 21/24 MP: 2/2
   990 | D:3      | Reached XP level 3. HP: 25/29 MP: 3/3
  1177 | D:2      | Found an opulent altar of Gozag.
  1185 | D:2      | Became a worshipper of Gozag Ym Sagoz the Greedy
  2205 | D:3      | Reached XP level 4. HP: 34/35 MP: 4/4
  2211 | D:3      | Found a bloodstained altar of Trog.
  2404 | D:3      | Found a basalt altar of Yredelemnul.
  2724 | D:4      | Reached XP level 5. HP: 28/41 MP: 5/5
  3001 | D:4      | Killed from afar by an orc priest

Skill      XL: |  1  2  3  4 |
---------------+-------------+-----
Armour         | 3 |  3.5
Long Blades    | 2 |  2.3
Shields        | 3 |  3.3
Fighting       | |  3.7

Action                   |  1- 3 |  4- 6 || total
-------------------------+-------+-------++-------
Melee: Long sword        |   155 |    92 ||   247
Armor: Scale mail        |    62 |    38 ||   100
Dodge: Dodged            |    56 |    23 ||    79
Block: Shield            |    74 |    53 ||   127
       Rpst.: Long sword |    20 |     9 ||    29
